 Dungeon Crawl Stone Soup version 0.24-a0-274-gb3763e6d51 (webtiles) character file.

Game seed: 13575524464441311745

191671 MirrMurr the Imperceptible (level 17, -4/93 HPs)
             Began as a Spriggan Enchanter on Apr 26, 2019.
             Was an Initiate of Gozag.
             Slain by a harpy (16 damage)
             ... on level 3 of the Shoals on Apr 27, 2019.
             The game lasted 02:52:15 (62563 turns).

MirrMurr the Imperceptible (Spriggan Enchanter)    Turns: 62563, Time: 02:52:15

Health: -4/93      AC:  9    Str:  9    XL:     17   Next: 58%
Magic:  25/32      EV: 33    Int: 18    God:    Gozag
Gold:   9249       SH: 14    Dex: 17    Spells: 5/37 levels left

rFire    + . .     SeeInvis +   a - +3 dagger (elec)
rCold    + . .     Gourm    .   M - +2 buckler
rNeg     . . .     Faith    .   H - +2 robe {rC+ rF+}
rPois    +         Spirit   .   L - +2 hat {MR+}
rElec    .         Reflect  +   k - +2 cloak
rCorr    .         Harm     .   (gloves unavailable)
MR       +++..                  (boots unavailable)
Stlth    ++++++++..             R - +4 amulet of reflection
HPRegen  0.25/turn              C - ring of poison resistance
MPRegen  0.23/turn              W - +4 ring of slaying

@: gold aura, very quick
A: very small, unfitting armour, see invisible, herbivore, speed 3, slow
metabolism 2
}: 1/15 runes: serpentine
a: Potion Petition, Call Merchant, Bribe Branch, Renounce Religion


You were on level 3 of the Shoals.
You worshipped Gozag.
Gozag was greatly pleased with you.
You were not hungry.

You visited 6 branches of the dungeon, and saw 31 of its levels.

You collected 11678 gold pieces.
You spent 1628 gold pieces at shops.
You paid 801 gold pieces to Gozag.

Inventory:

Hand Weapons
 a - a +3 dagger of electrocution (weapon)
 b - a +0 hunting sling of flaming
 q - a +4 blowgun
 B - a +3 dagger of venom
 T - a +5 rapier of protection
 U - a +3 long sword of electrocution
 Y - a +4 scimitar of venom
Missiles
 d - a throwing net {!f}
 o - 143 sling bullets
 x - 112 poisoned needles
 K - 9 curare-tipped needles
 X - 755 stones (quivered)
Armour
 k - a +2 cloak (worn)
 H - a +2 robe of resistance (worn)
 L - a +2 hat of magic resistance (worn)
 M - a +2 buckler (worn)
Jewellery
 f - an uncursed ring of protection from cold
 u - an uncursed ring of protection from fire
 y - an uncursed ring of flight
 C - a ring of poison resistance (left hand)
 E - an uncursed ring of positive energy
 P - a +5 ring of intelligence
 R - a +4 amulet of reflection (around neck)
 W - a +4 ring of slaying (right hand)
Wands
 n - a wand of random effects (67)
 z - a wand of paralysis (40)
 F - a wand of enslavement (21)
 I - a wand of iceblast (9)
 Q - a wand of polymorph (15)
 V - a wand of acid (6)
Scrolls
 g - a scroll of blinking
 i - 6 scrolls of identify
 p - 2 scrolls of fear
 r - 13 scrolls of remove curse
 D - a scroll of teleportation
 G - 2 scrolls of fog
 O - a scroll of magic mapping
Potions
 e - 5 potions of mutation
 j - 2 potions of berserk rage
 l - 4 potions of lignification
 m - 4 potions of brilliance
 s - 3 potions of magic
 t - 9 potions of haste
 v - 8 potions of flight
 w - a potion of might
 A - 3 potions of agility
 J - 8 potions of curing
 N - 2 potions of invisibility
 S - 2 potions of cancellation
Miscellaneous
 h - a box of beasts
 Z - a crystal ball of energy
Comestibles
 c - 18 rations


   Skills:
 + Level 11.7 Fighting
 - Level 10.0 Short Blades
 + Level 17.6 Dodging
 + Level 23.2 Stealth
 - Level 7.2 Shields
 + Level 10.8 Spellcasting
 - Level 10.0 Hexes
 * Level 5.9 Charms
 - Level 8.0 Summonings
 * Level 3.3 Ice Magic
 * Level 3.8 Air Magic


You had 5 spell levels left.
You knew the following spells:

 Your Spells              Type           Power        Failure   Level  Hunger
a - Ensorcelled Hibernat  Hex/Ice        ####..       1%          2    None
b - Confuse               Hex            #####...     1%          3    None
c - Tukima's Dance        Hex            #####...     1%          3    None
d - Dazzling Spray        Conj/Hex       ####..       2%          3    None
e - Regeneration          Chrm/Necr      ###.......   6%          3    None
f - Shroud of Golubria    Chrm/Tloc      ###.......   3%          2    None
g - Ozocubu's Armour      Chrm/Ice       ####....     3%          3    None
m - Confusing Touch       Hex            #####.       1%          1    None
s - Summon Lightning Spi  Summ/Air       ####....     6%          4    ##.....
w - Spectral Weapon       Hex/Chrm       #####...     1%          3    None
x - Summon Ice Beast      Ice/Summ       ####....     7%          4    ##.....
A - Apportation           Tloc           #.....       8%          1    None

Your spell library contained the following spells:

 Spells                   Type           Power        Failure   Level  Hunger
 Corona                   Hex            #####..      1%          1    None
 Freeze                   Ice            ###.         1%          1    None
 Infusion                 Chrm           ####         1%          1    None
 Summon Small Mammal      Summ           ####         1%          1    None
 Call Imp                 Summ           #####...     1%          2    None
 Song of Slaying          Chrm           ####....     1%          2    None
 Call Canine Familiar     Summ           #####...     1%          3    None
 Summon Guardian Golem    Hex/Summ       #####...     1%          3    None
 Cause Fear               Hex            #####.....   1%          4    ##.....
 Inner Flame              Hex/Fire       ####....     2%          3    None
 Throw Frost              Conj/Ice       ###...       5%          2    None
 Animate Skeleton         Necr           N/A          8%          1    None
 Beastly Appendage        Tmut           #.....       8%          1    None
 Flame Tongue             Conj/Fire      #....        8%          1    None
 Sticks to Snakes         Tmut           #.......     11%         2    None
 Throw Flame              Conj/Fire      #.....       11%         2    None
 Silence                  Hex/Air        ####......   12%         5    #####..
 Conjure Flame            Conj/Fire      #.......     22%         3    None
 Spider Form              Tmut/Pois      #.........   22%         3    None
 Yara's Violent Unravell  Hex/Tmut       ####......   26%         5    #####..
 Ice Form                 Ice/Tmut       ###.....     36%         4    ##.....
 Throw Icicle             Conj/Ice       ###.....     36%         4    ##.....
 Sticky Flame             Conj/Fire      #.......     58%         4    ##.....
 Blade Hands              Tmut           #.........   90%         5    #####..
 Fireball                 Conj/Fire      #.........   90%         5    #####..
 Deflect Missiles         Chrm/Air       ####......   83%         6    ######.
 Monstrous Menagerie      Summ           #####.....   93%         7    #######
 Summon Greater Demon     Summ           #####.....   93%         7    #######
 Malign Gateway           Summ/Tloc      ###.......   100%        7    #######
 Discord                  Hex            #####.....   100%        8    #######
 Summon Horrible Things   Summ           #####.....   100%        8    #######


Dungeon Overview and Level Annotations

Branches:
Dungeon (15/15)            Temple (1/1) D:5            Lair (6/6) D:11
 Shoals (3/4) Lair:4        Snake (4/4) Lair:4        Slime (0/5) Lair:6
    Orc (2/2) D:9             Elf (0/3) Orc:2        Vaults (0/5) D:14
 Depths (0/5) D:15

Altars:
Elyvilon
Fedhas
Gozag
Hepliaklqana
Makhleb
Nemelex Xobeh
Qazlal
Ru
Sif Muna
Trog
Vehumet
Wu Jian
Xom
Yredelemnul
Zin
The Shining One
Jiyva

Shops:
D:10 [   D:11 =   D:14 *   Orc:1 ([(   Orc:2 }%?%   Snake:2 *%}   Snake:3 =

Annotations:
D:8 2 transporters
D:11 dig, exclusion: ice statue
Lair:1 1 runed translucent door, Pozxeom's ghost, journeyman GnSk
Lair:3 3 runed translucent doors, Yosebu's ghost, journeyman MiMo
Lair:6 hellmouth, exclusion: 2 doors
Shoals:2 2 transporters
Snake:1 1 runed translucent door, 2 transporters, jotwebe's ghost, journeyman DrCj
Orc:1 dig


Innate Abilities, Weirdness & Mutations

You are very small and have problems with some larger weapons.
You are too small for most types of armour.
You have supernaturally acute eyesight. (SInv)
You are a herbivore.
You cover ground extremely quickly.
You need to consume almost no food.


Message History

You block the harpy's attack. The harpy claws you. The harpy misses you.
The harpy closely misses you. The harpy claws you.
You block the harpy's attack.
The harpy screeches!
You block the harpy's attack. x4
You enter the shallow water.
Moving in this stuff is going to be slow.
The harpy screeches!
The harpy misses you. x2; You block the harpy's attack.
The harpy claws you. The harpy completely misses you. x2
Unknown command.
You puncture the harpy!
The harpy is moderately wounded.
The harpy claws you!
* * * LOW HITPOINT WARNING * * *
The harpy claws you!
* * * LOW HITPOINT WARNING * * *
The harpy claws you!
You die...
Your body crumbles into a pile of gold.

..≈≈≈≈≈≈≈≈≈≈≈≈≈≈≈≈≈≈≈≈..
..≈≈≈≈≈≈≈≈≈≈.≈≈≈≈≈≈≈≈≈..
..≈≈≈≈≈≈..≈≈≈..≈≈≈≈...≈≈
..≈≈≈≈≈.###..........#
≈≈≈≈≈≈≈≈.##...$.######
≈≈≈≈≈≈≈≈...t....###
≈≈≈≈≈≈......≈≈≈...##
≈≈≈≈≈≈..≈H..≈≈≈≈≈|.#.≈
≈≈≈≈≈≈≈≈.@≈≈≈≈≈≈≈≈≈.≈≈
≈≈≈≈≈≈≈≈HH≈≈≈≈≈≈≈≈≈≈≈≈
≈.##.≈≈≈≈≈≈≈≈≈≈≈≈≈≈≈≈≈
≈. ##≈≈≈≈≈≈≈≈≈≈≈≈≈≈≈≈≈
...≈≈≈≈≈≈≈≈≈≈≈≈≈≈≈≈≈
≈≈≈≈≈≈≈≈≈≈≈≈≈≈≈≈≈≈≈≈
≈≈≈≈≈≈≈≈≈≈≈≈≈≈≈≈≈≈≈≈≈
≈≈≈≈≈≈≈≈≈≈≈≈≈≈≈≈≈≈≈≈≈
≈≈≈≈≈≈≈≈≈≈≈≈≈≈≈≈≈≈≈≈


You could see a snapping turtle and 3 harpies.

Vanquished Creatures
  Vashnia (Snake:2)
  Kirke (Lair:5)
  Donald (Snake:1)
  8 nagarajas
  Aizul (Shoals:1)
  An orc warlord (Orc:1)
  A stone giant (Orc:2)
  A spark wasp (shapeshifter) (D:15)
  Snorg (Orc:1)
  A vault guard (D:14)
  2 rakshasas (D:15)
  17 naga warriors
  Erolcha (D:13)
  2 hydras (Lair:6)
  3 centaur warriors
  6 anacondas
  A catoblepas (Lair:6)
  A merfolk aquamancer (Shoals:1)
  2 ogre magi
  11 two-headed ogres
  A tengu warrior (D:14)
  12 naga sharpshooters
  6 shock serpents
  Sonja (D:11)
  Nergalle (Lair:4)
  A salamander mystic (Snake:3)
  4 skeletal warriors (D:14)
  An iron troll (Orc:1)
  A deep troll (Orc:1)
  6 sea snakes
  4 unseen horrors
  2 wizards
  12 naga ritualists
  16 harpies
  2 deep elf magi
  7 mana vipers
  2 orc sorcerers
  8 manticores
  A cyclops (shapeshifter) (D:15)
  4 cyclopes
  3 fauns (Shoals:2)
  16 salamanders
  2 guardian serpents
  4 merfolk sirens
  A centaur zombie (D:12)
  Maurice (D:9)
  48 black mambas
  5 water nymphs
  9 elephants
  Psyche (D:12)
  A torpor snail (Lair:4)
  A centaur skeleton (D:14)
  20 naga magi
  A gargoyle (D:11)
  11 spiny frogs
  A spiny frog (shapeshifter) (D:15)
  2 kobold demonologists
  An efreet (D:15)
  3 rime drakes
  2 freezing wraiths (D:14)
  6 komodo dragons
  2 tengu conjurers (D:14)
  12 trolls
  3 polar bears (Lair:5)
  5 slime creatures
  12 merfolk
  9 blink frogs
  Prince Ribbit (D:8)
  13 hippogriffs
  2 snapping turtles (Shoals:2)
  A dancing weapon (Orc:1)
  A yak (shapeshifter) (D:15)
  2 shadows
  4 water elementals
  21 yaks
  4 hogs (Lair:5)
  A basilisk (shapeshifter) (D:13)
  2 vampires
  2 wraiths
  4 wyverns
  3 vampire mosquitoes
  2 basilisks
  4 hungry ghosts
  A steam dragon (D:11)
  3 wargs
  42 nagas
  A soldier ant (D:13)
  An acid dragon (D:15)
  6 water moccasins
  4 porcupines
  7 ice beasts
  2 black bears
  4 eyes of draining
  A sky beast (D:6)
  A swamp drake (D:9)
  30 orc warriors
  4 phantoms
  A hornet zombie (D:14)
  10 centaurs
  29 ogres
  5 boggarts (D:15)
  11 crocodiles
  4 big kobolds
  22 bullfrogs
  A wyvern zombie (D:12)
  A wyvern skeleton (D:9)
  7 scorpions
  2 water moccasin skeletons
  4 killer bees (D:10)
  8 wights
  3 howler monkeys
  3 electric eels
  4 crimson imps
  3 hounds
  A quasit (D:11)
  2 bullfrog zombies (D:5)
  7 jellies
  10 orc priests
  24 orc wizards
  2 iguanas
  9 worker ants
  A hound skeleton (D:7)
  A howler monkey zombie (D:5)
  7 gnolls
  10 adders
  5 shadow imps
  5 oozes (D:9)
  An adder zombie (D:7)
  4 adder skeletons
  6 worms
  7 dart slugs
  2 leopard geckos
  91 orcs
  7 bats
  7 giant cockroaches
  6 goblins
  10 hobgoblins
  5 jackals
  6 quokkas
  A ball python (D:7)
  4 frilled lizards
  26 kobolds
  8 rats
  A fungus (Lair:6)
  A spectral weapon (Shoals:1)
906 creatures vanquished.

Vanquished Creatures (collateral kills)
  A nagaraja (Snake:3)
  2 two-headed ogres
  A harpy (Shoals:2)
  A merfolk siren (Shoals:1)
  A black mamba (Snake:3)
  A naga mage (Snake:4)
  A naga (Snake:3)
  An orc warrior (Orc:1)
  2 ogres (Orc:1)
  2 wights (D:12)
  2 orcs (Orc:2)
15 creatures vanquished.

Vanquished Creatures (others)
  A merfolk javelineer (Shoals:2)
  A naga sharpshooter (Snake:4)
  A shock serpent (Snake:3)
  An unseen horror (D:15)
  14 dancing weapons
  A sky beast (D:13)
  An ogre (Orc:2)
  2 electric eels
  A dart slug (D:7)
  4 fungi
  13 plants
  16 spectral weapons
56 creatures vanquished.

Grand Total: 977 creatures vanquished

Notes
Turn   | Place    | Note
-------+----------+-------------------------------------------
     0 | D:1      | MirrMurr the Spriggan Enchanter began the quest for the
                  | Orb.
     0 | D:1      | Reached XP level 1. HP: 9/9 MP: 5/5
   189 | D:1      | Reached skill level 5 in Stealth
   189 | D:1      | Reached XP level 2. HP: 13/13 MP: 6/6
   193 | D:1      | Learned a level 2 spell: Ensorcelled Hibernation
  1120 | D:1      | Reached XP level 3. HP: 16/16 MP: 8/8
  1131 | D:1      | Learned a level 3 spell: Confuse
  1440 | D:2      | Found an opulent altar of Gozag.
  1450 | D:2      | Became a worshipper of Gozag Ym Sagoz the Greedy
  1968 | D:2      | Reached skill level 6 in Stealth
  2647 | D:2      | Reached XP level 4. HP: 21/21 MP: 6/9
  3756 | D:3      | Reached skill level 7 in Stealth
  3774 | D:3      | Found a radiant altar of Vehumet.
  3775 | D:3      | Found a burning altar of Makhleb.
  3845 | D:3      | Reached XP level 5. HP: 22/24 MP: 4/10
  4749 | D:4      | Reached skill level 8 in Stealth
  4921 | D:4      | Reached XP level 6. HP: 8/28 MP: 4/11
  5244 | D:4      | Found a white marble altar of Elyvilon.
  5899 | D:4      | Reached skill level 5 in Short Blades
  5924 | D:4      | Reached skill level 5 in Hexes
  5979 | D:4      | Reached XP level 7. HP: 19/32 MP: 9/14
  6444 | D:4      | Found a deep blue altar of Sif Muna.
  6862 | D:5      | Entered Level 5 of the Dungeon
  6933 | D:5      | Reached skill level 1 in Fighting
  6962 | D:5      | Found a stormy altar of Qazlal.
  7268 | D:5      | Reached skill level 5 in Dodging
  7268 | D:5      | Reached XP level 8. HP: 39/39 MP: 6/15
  7621 | D:5      | Found a staircase to the Ecumenical Temple.
  7628 | Temple   | Entered the Ecumenical Temple
  7921 | D:5      | Found a sparkling altar of Nemelex Xobeh.
  8621 | D:6      | Found a blossoming altar of Fedhas.
  8688 | D:6      | Learned a level 3 spell: Tukima's Dance
  8692 | D:6      | Learned a level 3 spell: Dazzling Spray
  8840 | D:6      | Reached skill level 9 in Stealth
  9264 | D:6      | Found a blossoming altar of Fedhas.
  9413 | D:5      | Reached XP level 9. HP: 44/44 MP: 13/16
  9749 | D:7      | Found an ornate altar of the Wu Jian Council.
 10415 | D:7      | Found a hazy altar of Hepliaklqana.
 10748 | D:7      | Found a shimmering altar of Xom.
 11187 | D:7      | Found an ornate altar of the Wu Jian Council.
 11285 | D:7      | Reached skill level 10 in Stealth
 11425 | D:7      | Found a hazy altar of Hepliaklqana.
 11500 | D:7      | Found a shimmering altar of Xom.
 11754 | D:8      | Found a transporter.
 11788 | D:8      | Reached skill level 10 in Dodging
 11954 | D:8      | Got an iridescent long sword
 12041 | D:8      | Noticed a green ugly thing
 12049 | D:8      | Noticed a green very ugly thing
 12054 | D:8      | Found a sacrificial altar of Ru.
 12066 | D:8      | Found a transporter.
 12072 | D:8      | Noticed Prince Ribbit
 12074 | D:8      | Killed Prince Ribbit
 12293 | D:8      | Found a glowing golden altar of the Shining One.
 12384 | D:9      | Identified the cursed +3 long sword of Wrath {drain, +Rage
                  | Int+4} (You found it on level 8 of the Dungeon)
 12606 | D:9      | Noticed a two-headed ogre
 12613 | D:9      | Killed a two-headed ogre
 12613 | D:9      | Reached skill level 11 in Stealth
 12613 | D:9      | Reached XP level 10. HP: 49/49 MP: 14/17
 12645 | D:9      | Noticed Maurice
 12667 | D:9      | Killed Maurice
 12820 | D:9      | Found a staircase to the Orcish Mines.
 13176 | D:9      | Noticed a manticore
 13187 | D:9      | Killed a manticore
 13187 | D:9      | Reached skill level 12 in Stealth
 14138 | D:9      | Found a glowing silver altar of Zin.
 14249 | D:10     | Entered Level 10 of the Dungeon
 14629 | D:10     | Reached skill level 5 in Spellcasting
 15160 | D:10     | Noticed an unseen horror
 15175 | D:10     | Killed an unseen horror
 15175 | D:10     | Reached skill level 13 in Stealth
 15175 | D:10     | Reached XP level 11. HP: 53/53 MP: 12/20
 15831 | D:10     | Found Uheol's Armour Shoppe.
 15835 | D:10     | Bought a +2 robe of resistance for 414 gold pieces
 16043 | D:11     | Noticed a white ugly thing
 16047 | D:11     | Noticed a vampire knight
 16683 | D:11     | Noticed a two-headed ogre
 16693 | D:11     | Killed a two-headed ogre
 16749 | D:11     | Noticed an unseen horror
 16750 | D:11     | Found a staircase to the Lair.
 16758 | D:11     | Killed an unseen horror
 16856 | D:11     | Noticed Sonja
 16864 | D:11     | Killed Sonja
 16864 | D:11     | Reached skill level 5 in Fighting
 17038 | D:11     | Found Wivior's Jewellery Emporium.
 17449 | Lair:1   | Entered Level 1 of the Lair of Beasts
 17787 | Lair:1   | Reached skill level 14 in Stealth
 17875 | Lair:1   | Found a runed translucent door.
 17877 | Lair:1   | Found a shimmering altar of Xom.
 17877 | Lair:1   | Noticed Pozxeom's ghost (journeyman GnSk)
 17878 | Lair:1   | Noticed a +0 mace of chaos
 18891 | Lair:2   | Learned a level 1 spell: Confusing Touch
 18895 | Lair:2   | Learned a level 3 spell: Spectral Weapon
 18897 | Lair:2   | Learned a level 1 spell: Apportation
 19059 | Lair:2   | Reached skill level 10 in Hexes
 19122 | Lair:2   | Reached XP level 12. HP: 60/60 MP: 22/22
 19272 | Lair:2   | Reached skill level 10 in Short Blades
 19597 | Lair:3   | Noticed a nine-headed hydra
 19598 | Lair:3   | Found a runed translucent gate.
 19733 | Lair:3   | Identified a scroll of acquirement
 19847 | Lair:3   | Found a runed translucent gate.
 19847 | Lair:3   | Noticed a ten-headed hydra
 19848 | Lair:3   | Found a runed translucent gate.
 19849 | Lair:3   | Noticed Yosebu's ghost (journeyman MiMo)
 20521 | Lair:4   | Found a staircase to the Shoals.
 20708 | Lair:4   | Noticed Nergalle
 20868 | Lair:4   | Found a staircase to the Snake Pit.
 20970 | Lair:4   | Reached skill level 15 in Stealth
 21472 | Lair:5   | Reached skill level 1 in Shields
 21872 | Lair:5   | Reached skill level 15 in Dodging
 22225 | Lair:5   | Noticed Kirke
 22546 | Lair:5   | Killed Kirke
 22761 | Lair:6   | Entered Level 6 of the Lair of Beasts
 22883 | Lair:6   | Reached skill level 16 in Stealth
 22968 | Lair:6   | Reached XP level 13. HP: 67/67 MP: 18/23
 23210 | Lair:6   | Found a staircase to the Slime Pits.
 23210 | Lair:6   | Found a viscous altar of Jiyva.
 23581 | Lair:6   | Reached skill level 5 in Shields
 25149 | D:12     | Noticed Psyche
 25159 | D:12     | Killed Psyche
 25266 | D:12     | Reached skill level 17 in Stealth
 25622 | D:12     | Learned a level 4 spell: Summon Ice Beast
 25627 | D:12     | Learned a level 4 spell: Summon Lightning Spire
 27182 | D:13     | Noticed Erolcha
 27188 | D:13     | Killed Erolcha
 27521 | D:14     | Reached XP level 14. HP: 74/74 MP: 22/24
 27802 | D:14     | Found Festialo's Blood Bar.
 28024 | D:14     | Reached skill level 18 in Stealth
 29252 | D:14     | Identified the cursed +2 shortbow "Quiqikus" {venom, MP-9
                  | Dex+8}
 29366 | D:14     | Found a gate to the Vaults.
 29373 | D:14     | Found a gate to the Vaults.
 29569 | D:14     | Found Festialo's Blood Bar.
 29993 | D:15     | Entered Level 15 of the Dungeon
 31072 | D:15     | Reached skill level 19 in Stealth
 32347 | D:15     | Reached skill level 10 in Fighting
 32350 | D:15     | Found a staircase to the Depths.
 32768 | Orc:1    | Entered Level 1 of the Orcish Mines
 32777 | Orc:1    | Found a bloodstained altar of Trog.
 32796 | Orc:1    | Noticed Snorg
 32803 | Orc:1    | Killed Snorg
 32885 | Orc:1    | Found Loih's Weapon Shop.
 32935 | Orc:1    | Found Wuab's Armour Boutique.
 32943 | Orc:1    | Found Oseklauh's Antique Weapon Shoppe.
 33005 | Orc:1    | Bought a glowing rapier for 203 gold pieces
 33660 | Orc:2    | Entered Level 2 of the Orcish Mines
 33672 | Orc:2    | Reached skill level 20 in Stealth
 33679 | Orc:2    | Noticed an orc warlord
 33686 | Orc:2    | Found a staircase to the Elven Halls.
 34426 | Orc:2    | Noticed a stone giant
 34708 | Orc:1    | Killed an orc warlord
 34709 | Orc:1    | Reached skill level 21 in Stealth
 36938 | Orc:2    | Reached skill level 1 in Summonings
 36938 | Orc:2    | Reached XP level 15. HP: 80/80 MP: 20/25
 37131 | Orc:2    | Found Egon's Food Shoppe.
 37490 | Orc:2    | Found Jitup's Food Boutique.
 37491 | Orc:2    | Found Ofrejef's Magic Scroll Shop.
 37502 | Orc:2    | Bought a scroll of magic mapping for 49 gold pieces
 37502 | Orc:2    | Bought a scroll of teleportation for 42 gold pieces
 37504 | Orc:2    | Found Yteabruom's Gadget Boutique.
 38097 | Snake:1  | Entered Level 1 of the Snake Pit
 38124 | Lair:4   | Killed Nergalle
 38181 | Snake:1  | Found a runed translucent door.
 38414 | Snake:1  | Identified the +2 robe of the Spheres {rPois Str+3} (You
                  | found it on level 1 of the Snake Pit)
 38730 | Snake:1  | Noticed Donald
 38758 | Snake:1  | Killed Donald
 38925 | Snake:1  | Found a transporter.
 38949 | Snake:1  | Found a transporter.
 38953 | Snake:1  | Noticed jotwebe's ghost (journeyman DrCj)
 39224 | Snake:2  | Noticed a nagaraja
 39502 | Snake:2  | Noticed a nagaraja
 39511 | Snake:2  | HP: 2/81 [nagaraja/+0 halberd (9)]
 40199 | Snake:2  | Killed a nagaraja
 40859 | Snake:2  | Noticed a nagaraja
 41024 | Snake:2  | Killed a nagaraja
 41126 | Snake:2  | Noticed Vashnia
 41173 | Snake:2  | Noticed a nagaraja
 41265 | Snake:1  | Identified the +0 long sword "Geosixob" {holy, rPois rC++
                  | rN+ Str-2}
 41998 | Snake:2  | Killed a nagaraja
 41998 | Snake:2  | Reached skill level 5 in Summonings
 42241 | Snake:2  | Found Toathaix's Assorted Antiques.
 42248 | Snake:2  | Bought a tubular tourmaline ring for 200 gold pieces
 42248 | Snake:2  | Bought a scroll labeled ETUUS MESIMUEL for 40 gold pieces
 42248 | Snake:2  | Bought a scroll of identify for 80 gold pieces
 42248 | Snake:2  | Bought a potion of curing for 120 gold pieces
 42248 | Snake:2  | Bought a potion of heal wounds for 200 gold pieces
 42248 | Snake:2  | Bought a scroll of identify for 80 gold pieces
 42248 | Snake:2  | Bought a wooden ring for 200 gold pieces
 42986 | Snake:2  | Found Akuheg's Gadget Shoppe.
 42986 | Snake:2  | Found Jeir's Food Emporium.
 43004 | Snake:2  | Learned a level 3 spell: Regeneration
 43031 | Snake:2  | Killed a nagaraja
 43031 | Snake:2  | Reached skill level 22 in Stealth
 44082 | Snake:2  | HP: 3/81 [Vashnia/bolt (19)]
 44877 | Snake:2  | Reached XP level 16. HP: 86/86 MP: 27/29
 44975 | Snake:2  | Found Toathaix's Assorted Antiques.
 45760 | Snake:2  | Found Akuheg's Gadget Shoppe.
 45760 | Snake:2  | Found Jeir's Food Emporium.
 46560 | Snake:2  | Found Toathaix's Assorted Antiques.
 46716 | Snake:2  | Learned a level 2 spell: Shroud of Golubria
 46720 | Snake:2  | Learned a level 3 spell: Ozocubu's Armour
 47119 | Snake:2  | Killed Vashnia
 47318 | Snake:2  | Found Akuheg's Gadget Shoppe.
 47318 | Snake:2  | Found Jeir's Food Emporium.
 51448 | Snake:4  | Entered Level 4 of the Snake Pit
 52271 | Snake:4  | HP: 3/87 [naga warrior (2)]
 54288 | Snake:3  | Reached skill level 10 in Spellcasting
 55961 | Snake:4  | Reached XP level 17. HP: 91/91 MP: 32/32
 55997 | Snake:4  | Reached skill level 1 in Charms
 56046 | Snake:4  | Reached skill level 1 in Air Magic
 56405 | Snake:4  | Reached skill level 1 in Ice Magic
 56548 | Snake:4  | Got a serpentine rune of Zot
 57555 | Snake:4  | Reached skill level 23 in Stealth
 58210 | Shoals:1 | Entered Level 1 of the Shoals
 58214 | Shoals:1 | Noticed Aizul
 58261 | Shoals:1 | You fall through a shaft!
 58943 | Shoals:1 | Killed Aizul
 60694 | Shoals:2 | Reached skill level 5 in Charms
 61852 | Shoals:2 | Found a transporter.
 61869 | Shoals:2 | Found a transporter.
 62563 | Shoals:3 | Slain by a harpy

Levels and vault maps discovered:
D:1:      minmay_arrival_diagonal_passages, layout_basic
D:2:      layout_loops_cross, nicolae_gozag_seed_capital
D:3:      layout_basic, grunt_temple_overflow_lords_of_destruction,
          first_ration, serial_bayou_pond_c
D:4:      layout_basic, nicolae_overflow_crystal_walls, elyvilon_altar_5
D:5:      layout_layer_cave, nemelex_xobeh_ov_fountains_minmay,
          lemuel_crystal_altar, minmay_temple_entry_arrows
D:6:      layout_rooms, lemuel_crystal_altar
D:7:      kennysheep_slugbush, layout_basic, kennysheep_mini_moat,
          lemuel_coloured_pillars_altar, old_standard_altar, glass_columns_a,
          st_stairs_14
D:8:      layout_loops_cross, marbit_many_paths,
          gammafunk_temple_overflow_arena, uniq_prince_ribbit1
D:9:      hangedman_cross_stitches, layout_loops_corners,
          overflow_temple_1_default, erik_orc_1, hangedman_little_slice_of_home,
          uniq_maurice
D:10:     layout_basic, serial_shops, shop
D:11:     layout_gridville, lair_entry_dummy, serial_shops,
          nicolae_shop_crystal, chequers_serial_rivers_marsh, minivault_16,
          onia_ninara_dug_in_and_dangerous, uniq_sonja
D:12:     layout_stronghold, uniq_psyche
D:13:     layout_loops_corners, nrook_campfire, kb_rosetta, uniq_erolcha
D:14:     layout_grid_maze, david_vaults_5, guppyfry_shop_blood
D:15:     gammafunk_enter_depths_forms, layout_layer_cave, hex_tiny
Temple:   compressed_dpeg_triangle_lava_temple
Lair:1:   layout_layer_cave, ebering_ghost_xom, serial_bayou_shore_a
Lair:2:   layout_regular_city, infiniplex_staircase_pool, grunt_megastairs_5
Lair:3:   layout_chaotic_city, gammafunk_ghost_hydra_chop
Lair:4:   layout_hall_layers, elwin_shoals_entry_rocks, dummy_snake_entry,
          grunt_forest_stairs_basic, uniq_nergalle
Lair:5:   layout_cave_pods, minmay_stone_trees_large, cheibrodos_lair_lostbears,
          uniq_kirke
Lair:6:   evil_forest, layout_regular_city, slime_altar_1,
          nicolae_quartered_pool_super
Shoals:1: layout_shoals, uniq_aizul
Shoals:2: gammafunk_the_bubble [the_bubble_gammafunk_grid], layout_shoals
Shoals:3: layout_shoals
Snake:1:  layout_misc_corridors, gammafunk_ghost_berserking_beasts,
          lightli_airlock, grunt_megastairs_4, uniq_jorgrun, uniq_donald
Snake:2:  layout_layer_cave, serial_shops, nicolae_shop_overgrown_old_shop,
          nicolae_snake_shapes, minmay_shoptagon, uniq_vashnia
Snake:3:  layout_misc_corridors
Snake:4:  snake_pit, layout_cave_town
Orc:1:    minmay_goldmine, layout_caves, serial_shops, shop, shop_statue,
          nicolae_shop_competitors_out_of_business, basic_altar, uniq_snorg
Orc:2:    st_orc_open, layout_caves

Skill      XL: |  1  2  3  4  5  6  7  8  9 10 11 12 13 14 15 16 17 |
---------------+----------------------------------------------------+-----
Stealth        | 5 6 7 8 9 11 13 14 16 17 21 22 23 | 23.2
Short Blades   | 2 3 4 5 7 8 9 10 | 10.0
Spellcasting   | 4 5 6 8 10 | 10.8
Hexes          | 5 7 8 10 | 10.0
Fighting       | 2 3 4 5 7 8 10 11 | 11.7
Dodging        | 5 7 11 12 13 15 16 17 | 17.6
Shields        | 4 7 |  7.2
Summonings     | 1 5 8 |  8.0
Charms         | 5 |  5.9
Air Magic      | 3 |  3.8
Ice Magic      | 3 |  3.3

Action                   |  1- 3 |  4- 6 |  7- 9 | 10-12 | 13-15 | 16-18 || total
-------------------------+-------+-------+-------+-------+-------+-------++-------
Melee: Dagger            |   127 |   177 |   257 |   611 |  1764 |  1112 ||  4048
Throw: Stone             |       |       |       |     8 |       |     1 ||     9
 Cast: Corona            |    15 |       |       |       |       |       ||    15
       Ensorcelled Hiber |    11 |    50 |   106 |   196 |    51 |     6 ||   420
       Confuse           |       |     4 |    17 |    33 |    28 |    25 ||   107
       Tukima's Dance    |       |       |     2 |     1 |    76 |    67 ||   146
       Confusing Touch   |       |       |       |    16 |   192 |    69 ||   277
       Spectral Weapon   |       |       |       |       |    20 |    66 ||    86
       Apportation       |       |       |       |       |     2 |    22 ||    24
       Summon Ice Beast  |       |       |       |       |       |    25 ||    25
       Summon Lightning  |       |       |       |       |       |    10 ||    10
       Ozocubu's Armour  |       |       |       |       |       |     2 ||     2
       Shroud of Golubri |       |       |       |       |       |     2 ||     2
Invok: Call Merchant     |       |       |       |       |       |     1 ||     1
       Potion Petition   |       |       |       |       |       |     1 ||     1
Evoke: Wand              |       |       |       |       |     4 |       ||     4
  Use: Scroll            |     7 |     2 |    12 |     8 |    18 |     6 ||    53
       Potion            |       |     2 |       |     1 |     7 |     6 ||    16
 Stab: Sleeping          |    20 |    37 |    70 |   115 |    77 |    21 ||   340
       Confused          |       |     2 |     8 |    38 |   171 |    79 ||   298
       Distracted        |       |       |     1 |     3 |    16 |    19 ||    39
       Held in net/web   |       |       |       |       |       |     1 ||     1
  Eat: Ration            |     1 |     3 |     6 |     7 |    14 |    11 ||    42
Armor: Robe              |    10 |    15 |    17 |    34 |    70 |    45 ||   191
       Skin              |       |     8 |       |       |       |       ||     8
Dodge: Dodged            |    81 |   133 |   169 |   321 |   806 |   770 ||  2280
Block: Other             |       |       |     5 |    30 |       |       ||    35
       Reflection        |       |       |       |     1 |    33 |    72 ||   106
       Buckler           |       |       |       |    40 |   589 |   541 ||  1170

Table legend:
 A = Non-vault XP
 B = Vault XP
 C = Vault XP percentage of total XP
 D = Non-vault monster count
 E = Vault monster count
 F = Vault count percentage of total count
                 A         B        C        D         E       F
            +---------+---------+-------+---------+---------+-------
      Total |  172668 |   86510 |  33.4 |     718 |     206 |  22.3
            +---------+---------+-------+---------+---------+-------
        D:1 |      44 |       0 |   0.0 |      27 |       0 |   0.0
        D:2 |      68 |       0 |   0.0 |      19 |       0 |   0.0
        D:3 |     150 |      48 |  24.2 |      27 |       1 |   3.6
        D:4 |     691 |       0 |   0.0 |      26 |       0 |   0.0
        D:5 |     932 |       0 |   0.0 |      20 |       0 |   0.0
        D:6 |    1085 |       0 |   0.0 |      19 |       0 |   0.0
        D:7 |     933 |      60 |   6.0 |      26 |       8 |  23.5
        D:8 |     641 |     356 |  35.7 |      14 |       2 |  12.5
        D:9 |    1908 |    2175 |  53.3 |       7 |      37 |  84.1
       D:10 |    3350 |       0 |   0.0 |      26 |       0 |   0.0
       D:11 |    5842 |     807 |  12.1 |      36 |       1 |   2.7
       D:12 |    7275 |     423 |   5.5 |      37 |       1 |   2.6
       D:13 |    4057 |    2139 |  34.5 |      39 |       5 |  11.4
       D:14 |    7436 |    3234 |  30.3 |      28 |       8 |  22.2
       D:15 |    6950 |    5252 |  43.0 |      24 |      12 |  33.3
     Lair:1 |     913 |       0 |   0.0 |       7 |       0 |   0.0
     Lair:2 |    3242 |       0 |   0.0 |      13 |       0 |   0.0
     Lair:3 |    1361 |       0 |   0.0 |       6 |       0 |   0.0
     Lair:4 |    4343 |     804 |  15.6 |      14 |       1 |   6.7
     Lair:5 |    2366 |    3849 |  61.9 |      13 |       8 |  38.1
     Lair:6 |    8113 |    6749 |  45.4 |      25 |      15 |  37.5
   Shoals:1 |   15438 |    1603 |   9.4 |      32 |       1 |   3.0
   Shoals:2 |   13325 |       0 |   0.0 |      30 |       0 |   0.0
   Shoals:3 |    1732 |       0 |   0.0 |       3 |       0 |   0.0
    Snake:1 |    6971 |    3952 |  36.2 |      17 |       5 |  22.7
    Snake:2 |   27351 |   12207 |  30.9 |      48 |      10 |  17.2
    Snake:3 |   24880 |    2661 |   9.7 |      51 |       4 |   7.3
    Snake:4 |   13634 |   24096 |  63.9 |      25 |      40 |  61.5
      Orc:1 |    4775 |    9100 |  65.6 |      39 |      34 |  46.6
      Orc:2 |    2862 |    6995 |  71.0 |      20 |      13 |  39.4
            +---------+---------+-------+---------+---------+-------
